 Dungeon Crawl Stone Soup version 0.17-a0-1508-ge7f3dc3 (webtiles) character file.

29 namelastname112 the Stinger (level 3, -1/26 HPs)
             Began as a Draconian Venom Mage on July 10, 2015.
             Slain by a quokka (2 damage)
             ... on level 2 of the Dungeon.
             The game lasted 00:02:26 (1366 turns).

namelastname112 the Stinger (Draconian Venom Mage)  Turns: 1366, Time: 00:02:27

Health: -1/26      AC:  5    Str: 10    XL:     3   Next: 1%
Magic:  1/6        EV: 12    Int: 15    God:
Gold:   51         SH:  0    Dex: 12    Spells: 1 memorised, 5 levels left

rFire  . . .     SeeInvis .     c - +0 dagger
rCold  . . .     Clarity  .     (armour unavailable)
rNeg   + . .     SustAt   .     (no shield)
rPois  .         Gourm    .     (helmet restricted)
rElec  .         Spirit   .     (no cloak)
rCorr  .         Warding  .     (no gloves)
rMut   .         Stasis   .     (no boots)
MR     +....                    (no amulet)
Stlth  ++........               j - ring of positive energy
                                d - ring of protection from magic

@: somewhat resistant to hostile enchantments, unstealthy
A: unfitting armour, cold-blooded, AC +5
a: no special abilities


You were on level 2 of the Dungeon.
You were not hungry.

You visited 1 branch of the dungeon, and saw 2 of its levels.

You collected 51 gold pieces.

Inventory:

Hand weapons
 c - a +0 dagger (weapon)
Armour
 f - a +0 buckler
Jewellery
 d - a ring of protection from magic (left hand)
 j - a ring of positive energy (right hand)
Scrolls
 e - a scroll of fear {unknown}
 h - a scroll of enchant armour {unknown}
 i - a scroll of recharging {unknown}
Books
 a - a Young Poisoner's Handbook

   Spells                             Type                      Level
   a - Sting                          Conjuration/Poison           1
   b - Cure Poison                    Poison                       2
   c - Mephitic Cloud                 Conjuration/Poison/Air       3
   d - Olgreb's Toxic Radiance        Poison                       4
   e - Venom Bolt                     Conjuration/Poison           5
Comestibles
 b - a bread ration
 g - 2 beef jerkies
 k - a meat ration


   Skills:
 + Level 1.9 Short Blades
 - Level 1.7 Dodging
 + Level 2.5 Stealth
 - Level 2.0 Spellcasting
 - Level 4.0 Poison Magic


You had 5 spell levels left.
You knew the following spells:

 Your Spells              Type           Power        Failure   Level  Hunger
z - Sting                 Conj/Pois      #...         12%         1    #......


Dungeon Overview and Level Annotations

Branches:
Dungeon (2/15)

Altars:


Innate Abilities, Weirdness & Mutations

Your plain brown scales are hard (AC +5).
Your body does not fit into most forms of armour.
You are cold-blooded and may be slowed by cold attacks.


Message History

Casting: Sting
Confirm with . or Enter, or press ? or * to list all spells.
Aiming: Sting
Press: ? - help, Shift-Dir - straight line, f/p - quokka
Aim: a quokka (almost dead, poisoned)
The sting hits the quokka.
The quokka looks even sicker.
You kill the quokka!
You have reached level 3!
Your experience leads to an increase in your attributes!
Increase (S)trength, (I)ntelligence, or (D)exterity?
You feel agile.
Your scales feel tougher.
The goblin misses you.
Press: ? - help, v - describe, . - travel
Here: a goblin The floor.
Unknown command.
A quokka comes into view.
The quokka bites you but does no damage.
The quokka bites you.
You die...

#...# .. #.# #.#.# #.
#.# ####.#.# #. #.#
##.##.#.# #.
#>#.######.....รท.# #.
#.#......<.....### #.
#.########......##
#.###.#########.....)###
#....gr@.............)..
#.###.##########.....###
... #.# ##...## #... ..#
##.... #### #### ######


You could see a quokka and a goblin.

Vanquished Creatures
  A giant gecko (D:1)
  2 giant cockroaches (D:1)
  6 goblins
  3 hobgoblins (D:1)
  2 jackals (D:1)
  A quokka (D:2)
  3 bats
  2 giant newts
  4 kobolds (D:1)
24 creatures vanquished.

Notes
Turn   | Place    | Note
--------------------------------------------------------------
     0 | D:1      | namelastname112 the Draconian Venom Mage began the quest for the Orb.
     0 | D:1      | Reached XP level 1. HP: 14/14 MP: 3/3
   117 | D:1      | Reached skill level 1 in Short Blades
   184 | D:1      | Reached XP level 2. HP: 11/20 MP: 0/5
  1360 | D:2      | HP: 1/20 [quokka (4)]
  1361 | D:2      | Reached XP level 3. HP: 1/26 MP: 0/6
  1366 | D:2      | Slain by a quokka

Vault maps used:
D:1:      noname_arrival_rooms_in_the_neighbourhood, serial_forest,
          infiniplex_forest_lined_3, infiniplex_forest_clump_tiny,
          infiniplex_forest_lined_ring, infiniplex_forest_straight_4,
          infiniplex_forest_clump_tiny, infiniplex_forest_clump_medium,
          infiniplex_forest_clump_small, grunt_decor_one_mirror
D:2:      lemuel_doored_altar

Action                   || total
-------------------------++-------
Melee: Dagger            ||    81
 Cast: Sting             ||    35
  Eat: Chunk             ||     2
